 Dungeon Crawl Stone Soup version 0.31-a0-271-gb88eb75e06 (webtiles) character file.

Game seed: 10040889353421562714

70 packetloss the Chopper (level 4, -2/41 HPs)
             Began as a Hill Orc Monk on July 14, 2023.
             Slain by an ogre
             ... wielding a +0 giant club
              (27 damage)
             ... on level 2 of the Dungeon.
             The game lasted 00:03:24 (1639 turns).

packetloss the Chopper (Hill Orc Monk)              Turns: 1639, Time: 00:03:25

Health: -2/41      AC:  9    Str: 18    XL:     4   Next: 22%
Magic:  4/4        EV:  8    Int: 13    God:
Gold:   39         SH:  0    Dex: 13    Spells: 3/3 levels left

rFire   + . .        a - +0 hand axe
rCold   . . .        d - orb {light}
rNeg    . . .        m - +0 chain mail
rPois   .            (no helmet)
rElec   .            n - +0 cloak "Papucs" {Str+3 Int+3}
rCorr   .            (no gloves)
SInv    .            (no boots)
Will    .....        (no amulet) Stlth
                     e - ring of protection from fire
HPRegen 0.26/turn    (no ring)
MPRegen 0.09/turn

%: no passive effects
@: glowing
A: no striking features
a: no special abilities


You were on level 2 of the Dungeon.
You visited 1 branch of the dungeon, and saw 2 of its levels.

You collected 39 gold pieces.

Inventory:

Hand Weapons
 a - a +0 hand axe (weapon)
Armour
 b - a +0 scale mail
 d - an orb of light (worn)
 k - a +0 leather armour
 m - a +0 chain mail (worn)
 n - the +0 cloak "Papucs" (worn) {Str+3 Int+3}
   (You found it on level 2 of the Dungeon)

   Str:       It affects your strength (+3).
   Int:       It affects your intelligence (+3).
Jewellery
 e - a ring of protection from fire (left hand)
Scrolls
 j - a scroll of enchant armour {unknown}
 l - a scroll of fear {unknown}
 o - a scroll of identify {unknown}
Potions
 c - a potion of ambrosia
 f - a potion of degeneration {unknown}
 g - a potion of enlightenment {unknown}
 h - 2 potions of heal wounds {unknown}
 i - a potion of resistance {unknown}


   Skills:
 + Level 4.5 Fighting
 * Level 5.6 Axes
 - Level 2.5 Dodging


You had 3 spell levels left.
You didn't know any spells.
Your spell library contained the following spells:

 Spells                   Type           Power      Damage    Failure   Level
 Sting                    Tmut/Pois      0%         1d3       98%         1
 Poisonous Vapours        Pois/Air       0%         N/A       99%         2
 Olgreb's Toxic Radiance  Pois           0%         N/A       100%        4


Dungeon Overview and Level Annotations

Branches:
Dungeon (2/15)

Altars:


Message History

The quokka bites you but does no damage.
You hit the quokka.
The quokka is lightly wounded.
The quokka twitches its whiskers.
The quokka barely misses you.
You hit the quokka.
The quokka is almost dead.
The quokka closely misses you.
The quokka bites you but does no damage.
A quokka is nearby!
You barely miss the quokka.
The quokka is almost dead.
The quokka bites you but does no damage.
You hit the quokka.
You kill the quokka!
A giant cockroach comes into view.
You hit the giant cockroach.
You kill the giant cockroach!
No target in view!
No target in view!
No target in view!
No target in view!
You see here a giant cockroach corpse.
A bat comes into view.
The bat barely misses you.
You closely miss the bat. The bat hits you but does no damage.
The bat misses you.
Found a stone staircase leading down.
The ogre shouts!
The bat hits you but does no damage.
You slash the bat!
You kill the bat!
You hit the ogre.
The ogre is lightly wounded.
The ogre hits you with a +0 giant club!
You hit the ogre but do no damage.
The ogre is lightly wounded.
The ogre hits you with a +0 giant club!!
Ouch! That really hurt!
You die...

##....÷<.r.
#############..........
##.....[...#.......O.###
.......>....(#.?.....#
#....)....####.....##
#.........# ##...##
#.........# ###.#
#.....O...#### #.#
#.....@....... ..
#.........#### ..
#.........# #.........#
#.# ######.#### #.# #..#
#.# #.## ##†# #.#
#....##.## #.###
#.....## #.#..


You could see an ogre.

Vanquished Creatures
  2 adders (D:2)
  A worm (D:2)
  5 ball pythons
  6 bats
  4 endoplasms
  4 giant cockroaches
  6 goblins
  A hobgoblin (D:2)
  3 jackals (D:2)
  A quokka (D:2)
  3 frilled lizards (D:1)
  4 kobolds
  8 rats
48 creatures vanquished.

Notes
Turn   | Place    | Note
-------+----------+-------------------------------------------
     0 | D:1      | packetloss the Hill Orc Monk began the quest for the Orb.
     0 | D:1      | Reached XP level 1. HP: 19/19 MP: 1/1
   207 | D:1      | Reached XP level 2. HP: 27/27 MP: 2/2
  1091 | D:2      | Reached skill level 4 in Fighting
  1128 | D:2      | Reached XP level 3. HP: 32/33 MP: 3/3
  1166 | D:2      | Noticed an ogre
  1209 | D:2      | Reached skill level 5 in Axes
  1356 | D:2      | Reached XP level 4. HP: 18/41 MP: 4/4
  1487 | D:2      | Identified the +0 cloak "Papucs" {Str+3 Int+3}
  1639 | D:2      | Slain by an ogre

Illustrated notes

Levels and vault maps discovered:
D:1:      amcnicky_arrival_abandoned_market, layout_basic,
          grunt_decor_mini_mirrors
D:2:      layout_rooms, minmay_pentomino_pile

Skill      XL: |  1  2  3 |
---------------+----------+-----
Fighting       | 4 |  4.5
Axes           | 5 |  5.6
Dodging        | |  2.5

Action                     |  1- 3 |  4- 6 || total
---------------------------+-------+-------++-------
  Melee: Hand axe          |   106 |    31 ||   137
 Armour: Robe              |    14 |       ||    14
         Scale mail        |    28 |       ||    28
         Chain mail        |       |    20 ||    20
  Dodge: Dodged            |    68 |    17 ||    85

Table legend: (Time is in decaauts)
 A = Elapsed time spent in this place.
 B = Non-inter-level travel time spent in this place.
 C = Inter-level travel time spent in this place.
 D = Time resting spent in this place.
 E = Time spent auto-exploring this place.
 F = Levels seen in this place.
 G = Mean time per level.
                   A        B        C        D        E       F      G
               +--------+--------+--------+--------+--------+-----+--------+
         Total |   1646 |   1462 |    184 |     63 |   1019 |   2 |  823.0 |
       Dungeon |   1646 |   1462 |    184 |     63 |   1019 |   2 |  823.0 |
               +--------+--------+--------+--------+--------+-----+--------+

Top non-repeatable levels by time:
     D:1: 1136 daAuts
     D:2: 510 daAuts
